 Dungeon Crawl Stone Soup version 0.30.0 (webtiles) character file.

Game seed: 13361949017169318558

136 Minorbread the Magician (level 4, -8/24 HPs)
             Began as a Deep Elf Hedge Wizard on May 24, 2023.
             Was a Follower of Vehumet.
             Mangled by a sleepcap (14 damage)
             ... on level 4 of the Dungeon.
             The game lasted 00:05:16 (3264 turns).

Minorbread the Magician (Deep Elf Hedge Wizard)     Turns: 3264, Time: 00:05:17

Health: -8/24      AC:  3    Str:  7    XL:     4   Next: 98%
Magic:  0/13       EV:  2    Int: 21    God:    Vehumet [*.....]
Gold:   156        SH:  0    Dex: 14    Spells: 8/13 levels left

rFire   . . .        a - +0 dagger
rCold   . . .        (no shield)
rNeg    . . .        b - +0 robe
rPois   .            c - +0 hat
rElec   .            (no cloak)
rCorr   .            f - +0 pair of gloves
SInv    .            (no boots)
Will    .....        (no amulet)
Stlth   ++           (no ring)
HPRegen 0.24/turn    (no ring)
MPRegen 0.13/turn

%: no passive effects
@: sleeping
A: no striking features
a: Renounce Religion


You were on level 4 of the Dungeon.
You worshipped Vehumet.
Vehumet was aware of your devotion.
You visited 1 branch of the dungeon, and saw 4 of its levels.

You collected 156 gold pieces.

Inventory:

Hand Weapons
 a - a +0 dagger (weapon)
Armour
 b - a +0 robe (worn)
 c - a +0 hat (worn)
 f - a +0 pair of gloves (worn)
Scrolls
 e - 2 scrolls of fog {unknown}
 g - a scroll of immolation {unknown}
 h - a scroll of fear {unknown}
 i - 2 scrolls of teleportation {unknown}
 k - 5 scrolls of identify {unknown}
 l - 3 scrolls of amnesia {unknown}
 m - 4 scrolls of poison {unknown}
 p - a scroll of enchant armour {unknown}
 r - 3 scrolls of noise {unknown}
 s - a scroll of vulnerability {unknown}
Potions
 d - a potion of magic
 j - a potion of curing {unknown}
 n - a potion of degeneration {unknown}
 o - 3 potions of attraction {unknown}
 q - 2 potions of heal wounds {unknown}


   Skills:
 - Level 2.4 Dodging
 - Level 2.4 Stealth
 - Level 5.0 Spellcasting
 + Level 4.0 Conjurations
 - Level 3.0 Summonings
 - Level 1.1 Translocations


You had 8 spell levels left.
You knew the following spells:

 Your Spells              Type           Power      Damage    Failure   Level
a - Magic Dart            Conj           88%        1d7       1%          1
b - Blink                 Tloc           18%        N/A       11%         2
c - Call Imp              Summ           34%        N/A       4%          2

Your spell library contained the following spells:

 Spells                   Type           Power      Damage    Failure   Level
 Kiss of Death            Conj/Necr      52%        2d9       4%          1
 Slow                     Hex            20%        N/A       11%         1
 Cigotuvi's Dreadful Rot  Necr/Pois/Air  10%        N/A       16%         2
 Mephitic Cloud           Conj/Pois/Air  10%        N/A       19%         3


Dungeon Overview and Level Annotations

Branches:
Dungeon (4/15)
 Temple: D:4-7

Altars:
Cheibriados
Qazlal
Ru
Vehumet

Annotations:
D:2 Sigmund


Message History

Aim: a sleepcap (heavily damaged, ally target, 100% to hit)
The magic dart hits the sleepcap but does no damage.
The sleepcap is heavily damaged.
The sleepcap releases spores at you.
Your cerulean imp hits the sleepcap from afar with a -3 spear.
Casting: Magic Dart (safe; 1% risk of failure)
Confirm with . or Enter, or press ? or * to list all spells.
Aiming: Magic Dart (safe; 1% risk of failure)
Press: ? - help, Shift-Dir - straight line, f/p - sleepcap
Aim: a sleepcap (heavily damaged, ally target, 100% to hit)
The magic dart hits the sleepcap.
The sleepcap is severely damaged.
The sleepcap releases spores at you but does no damage.
Your cerulean imp hits the sleepcap but does no damage.
Casting: Magic Dart (safe; 1% risk of failure)
Confirm with . or Enter, or press ? or * to list all spells.
Aiming: Magic Dart (safe; 1% risk of failure)
Press: ? - help, Shift-Dir - straight line, f/p - sleepcap
Aim: a sleepcap (severely damaged, not watching you, ally target, 100% to hit)
The magic dart hits the sleepcap but does no damage.
The sleepcap is severely damaged.
The sleepcap misses you.
Your cerulean imp hits the sleepcap from afar with a -3 spear.
Press: ? - help, v - describe, . - travel
Here: a cerulean imp, wielding a -3 spear (summoned, friendly) Some shallow water.
You hit the sleepcap but do no damage.
The sleepcap is severely damaged.
The sleepcap closely misses you.
Your cerulean imp hits the sleepcap from afar with a -3 spear.
You hit the sleepcap but do no damage.
The sleepcap is severely damaged.
The sleepcap releases spores at you.
* * * LOW HITPOINT WARNING * * *
You are engulfed in a cloud of soporific spores!
You fall asleep.
Your cerulean imp hits the sleepcap but does no damage.
The sleepcap releases spores at you!
Ouch! That really hurt!
You die...

#.....# ≈~~~~
##.#### ≈≈~~~ ##.#
≈≈≈~~. #..# ≈≈≈~~.
##)##
≈≈≈~~.#########).#
~≈≈~.....##.....##
##
~≈≈~~..#.†..#####
#####.
~≈≈≈5~f@#####...
#..... ~~≈≈.~.##
#.# #..... ~~~≈~..
##..##.....
~~~~~..
...........
~P~~... #......
.~≈~~.# #......
.≈≈~~. ##..[...
~~≈~~.
#######.......
......>.#.....


You could see a sleepcap (ally target) and a friendly cerulean imp (summoned).

Vanquished Creatures
  4 adders
  A worm (D:3)
  2 dart slugs (D:1)
  7 orcs
  15 endoplasms
  2 giant cockroaches (D:3)
  8 goblins
  7 hobgoblins
  10 jackals
  A quokka (D:3)
  3 ball pythons
  4 bats
  2 frilled lizards
  3 kobolds
  7 rats
76 creatures vanquished.

Vanquished Creatures (others)
  10 plants (D:4)
10 creatures vanquished.

Grand Total: 86 creatures vanquished

Notes
Turn   | Place    | Note
-------+----------+-------------------------------------------
     0 | D:1      | Minorbread the Deep Elf Hedge Wizard began the quest for
                  | the Orb.
     0 | D:1      | Reached XP level 1. HP: 10/10 MP: 7/7
   242 | D:1      | Reached XP level 2. HP: 15/15 MP: 5/9
   386 | D:1      | Reached skill level 5 in Spellcasting
   788 | D:1      | Reached XP level 3. HP: 16/19 MP: 5/11
   888 | D:1      | Learned a level 2 spell: Blink
   891 | D:1      | Learned a level 2 spell: Call Imp
   950 | D:2      | Noticed Sigmund
  1502 | D:2      | Found a radiant altar of Vehumet.
  1511 | D:2      | Became a worshipper of Vehumet
  1651 | D:3      | Found a snail-covered altar of Cheibriados.
  1651 | D:3      | Found a stormy altar of Qazlal.
  1651 | D:3      | Found a sacrificial altar of Ru.
  2042 | D:3      | Reached XP level 4. HP: 24/24 MP: 11/13
  2107 | D:3      | Identified the +4 hand axe of the Ageing Blowfly {heavy,
                  | rElec rN++ Int-5}
  3148 | D:4      | Reached * piety under Vehumet
  3148 | D:4      | Offered knowledge of Kiss of Death by Vehumet.
  3264 | D:4      | Mangled by a sleepcap

Illustrated notes

Levels and vault maps discovered:
D:1:      minmay_arrival_solitary_statue, layout_rooms,
          minmay_misc_feat_more_columns, minmay_tromino_v4_c
D:2:      minmay_general_purpose_star, layout_rooms, basic_altar, uniq_sigmund
D:3:      layout_basic, chequers_temple_overflow_statue_of_worship
D:4:      layout_rooms, grunt_temple_overflow_champion_of_chaos, zin_statuary,
          chequers_big_river

Skill      XL: |  1  2  3  4 |
---------------+-------------+-----
Conjurations   | 2 3 4 |  4.0
Spellcasting   | 5 |  5.0
Summonings     | 2 3 |  3.0
Dodging        | |  2.4
Stealth        | |  2.4
Translocations | |  1.1

Action                     |  1- 3 |  4- 6 || total
---------------------------+-------+-------++-------
  Melee: Dagger            |     4 |     4 ||     8
   Cast: Magic Dart        |   118 |    77 ||   195
         Call Imp          |     2 |     3 ||     5
    Use: Potion            |     1 |       ||     1
 Armour: Robe              |     9 |     3 ||    12
  Dodge: Dodged            |    36 |     5 ||    41
